 Dungeon Crawl Stone Soup version 0.21.0-3-g78d12a8 (webtiles) character file.

276 Ignatius881 the Martial Artist (level 6, -4/50 HPs)
             Began as a Gnoll Wanderer on Jan 9, 2018.
             Killed by nerve-wracking pain
             ... invoked by a shadow imp
             ... summoned by Eustachio
              (13 damage)
             ... on level 4 of the Dungeon.
             The game lasted 00:08:41 (3489 turns).

Ignatius881 the Martial Artist (Gnoll Wanderer)     Turns: 3489, Time: 00:08:42

Health: -4/50      AC:  8    Str: 15      XL:     6   Next: 25%
Magic:  8/8        EV:  8    Int: 13      God:
Gold:   110        SH:  0    Dex: 12 (17) Spells: 8/8 levels left

rFire    . . .     SeeInvis .   m - +0 hand axe
rCold    . . .     Gourm    .   (no shield)
rNeg     . . .     Faith    .   k - +0 chain mail
rPois    .         Spirit   .   (no helmet)
rElec    .         Reflect  .   (no cloak)
rCorr    .         Harm     .   (no gloves)
MR       +....                  (no boots)
Stlth    ..........             (no amulet)
HPRegen  0.16/turn              l - ring of protection from magic
MPRegen  0.11/turn              (no ring)

@: no status effects
A: distributed training, fangs 1, strong nose
a: no special abilities


You were on level 4 of the Dungeon.
You were not hungry.

You visited 1 branch of the dungeon, and saw 4 of its levels.

You collected 110 gold pieces.

Inventory:

Hand Weapons
 f - a +0 dagger
 m - a +0 hand axe (weapon)
   (You found it on level 1 of the Dungeon)
 t - a +0 trident of flaming
   (You found it on level 3 of the Dungeon)
Armour
 d - a +0 robe
 h - a +1 hat
   (You found it on level 2 of the Dungeon)
 k - a +0 chain mail (worn)
   (You found it on level 1 of the Dungeon)
 u - a +0 helmet
   (You took it off Robin on level 3 of the Dungeon)
Jewellery
 l - a ring of protection from magic (left hand)
   (You found it on level 1 of the Dungeon)
 o - an uncursed ring of protection from fire {unknown}
   (You found it on level 2 of the Dungeon)
 z - an uncursed ring of ice {unknown}
   (You found it on level 4 of the Dungeon)
Scrolls
 b - 2 scrolls of blinking
 j - a scroll of enchant weapon {unknown}
 n - 3 scrolls of teleportation {unknown}
 p - a scroll of fog {unknown}
 r - 2 scrolls of enchant armour {unknown}
 v - a scroll of remove curse {unknown}
 y - a scroll of noise {unknown}
Potions
 a - a potion of heal wounds {@q2}
 c - 2 potions of lignification {!q}
 g - a potion of mutation {unknown}
 i - a potion of cancellation {unknown}
 q - a potion of invisibility {unknown}
 s - 2 potions of brilliance {unknown}
 w - a potion of curing {unknown}
Comestibles
 e - 3 rations
 x - a chunk of flesh


   Skills:
 + Level 4.9 Fighting
 + Level 1.8 Short Blades
 + Level 1.8 Long Blades
 + Level 1.8 Axes
 + Level 1.8 Maces & Flails
 + Level 1.8 Polearms
 + Level 1.8 Staves
 + Level 1.8 Slings
 + Level 1.8 Bows
 + Level 1.8 Crossbows
 + Level 3.1 Throwing
 + Level 1.8 Armour
 + Level 4.9 Dodging
 + Level 1.8 Stealth
 + Level 3.1 Shields
 + Level 8.7 Unarmed Combat
 + Level 1.8 Spellcasting
 + Level 1.4 Conjurations
 + Level 1.4 Hexes
 + Level 1.4 Charms
 + Level 1.4 Summonings
 + Level 1.4 Necromancy
 + Level 1.4 Translocations
 + Level 1.4 Transmutations
 + Level 1.4 Fire Magic
 + Level 1.4 Ice Magic
 + Level 1.4 Air Magic
 + Level 1.4 Earth Magic
 + Level 1.4 Poison Magic
 + Level 2.0 Invocations
 + Level 1.8 Evocations


You had 8 spell levels left.
You didn't know any spells.

Dungeon Overview and Level Annotations

Branches:
Dungeon (4/15)
 Temple: D:4-7

Altars:

Annotations:
D:4 Eustachio, Ijyb


Innate Abilities, Weirdness & Mutations

Your experience applies equally to all skills.
You have very sharp teeth.
Your uncanny sense of smell can sniff out nearby items.


Message History

* * * LOW HITPOINT WARNING * * *
The white imp closely misses you.
Eustachio casts a spell.
Ijyb barely misses you.
You barely miss the shadow imp. You barely miss Ijyb.
You hit the white imp but do no damage. The shadow imp barely misses you.
The white imp closely misses you.
Eustachio mumbles some strange words.
Eustachio blinks!
Ijyb zaps a wand.
The puff of flame hits you!
* * * LOW HITPOINT WARNING * * *
It is a wand of flame (38).
The crimson imp blinks!
You barely miss the shadow imp.
You bite the shadow imp, but do no damage.
You closely miss the white imp. You completely miss Ijyb.
The shadow imp disappears in a puff of smoke!
The shadow imp hits you.
* * * LOW HITPOINT WARNING * * *
The white imp gestures at you. The puff of frost hits you!
* * * LOW HITPOINT WARNING * * *
Ijyb barely misses you. The shadow imp hits you.
* * * LOW HITPOINT WARNING * * *
The white imp lashes its tail.
The white imp hits you but does no damage.
The shadow imp disappears in a puff of smoke!
Ijyb hits you but does no damage.
Eustachio mumbles some strange words.
Eustachio blinks!
The white imp barely misses you.
The shadow imp hits you but does no damage.
Ijyb hits you but does no damage. The white imp hits you.
* * * LOW HITPOINT WARNING * * *
The white imp freezes you.
* * * LOW HITPOINT WARNING * * *
Eustachio gestures wildly while chanting.
The bat barely misses you.
You closely miss the bat. You hit the bat. You closely miss the shadow imp.
The bat hits you but does no damage. The bat barely misses you.
The shadow imp hits you but does no damage.
The bat hits you but does no damage. Eustachio hits you but does no damage.
The bat hits you but does no damage.
Eustachio mumbles some strange words.
Eustachio blinks!
Ijyb misses you. The bat closely misses you.
The bat hits you but does no damage. The bat completely misses you.
The bat closely misses you.
The crimson imp blinks!
The shadow imp gestures at you. Pain shoots through your body!
You die...

#..........##..##.
#.................
##....##...##.....
##....##...# ...
#...ยง..#...# #
#.5....'...#
#5.g..##...#
#..b..##...#
#.@b.>#....#
#.....#....#
#.....#....#
#.....'....#
#.....#....#
#.....#....#
#.....#....#
#.....#....# ....+
#.....#....#.....#.


You could see Ijyb, a white imp, a shadow imp and 2 bats.

Vanquished Creatures
  A bullfrog skeleton (D:4)
  Natasha (thrice) (D:3)
  A worker ant (D:2)
  Robin (D:3)
  5 adders
  An ooze (D:3)
  4 worms
  2 dart slugs (D:2)
  2 leopard geckos
  2 orcs
  3 giant cockroaches
  17 goblins
  5 hobgoblins
  A quokka (D:2)
  A ball python (D:3)
  3 bats
  7 frilled lizards
  10 kobolds
  7 rats
76 creatures vanquished.

Notes
Turn   | Place    | Note
-------+----------+-------------------------------------------
     0 | D:1      | Ignatius881 the Gnoll Wanderer began the quest for the Orb.
     0 | D:1      | Ignatius881 set off with: a potion of heal wounds {@q2}, a scroll of blinking, 2 potions of lignification {!q}, a +0 robe, a ration, a +0 dagger
     0 | D:1      | Reached XP level 1. HP: 20/20 MP: 1/1
     3 | D:1      | Noticed an elf
     3 | D:1      | Noticed a gargoyle
     5 | D:1      | Noticed a vampire
     5 | D:1      | Noticed a merfolk
     7 | D:1      | Noticed a halfling
     7 | D:1      | Noticed a spriggan
     9 | D:1      | Noticed a formicid
     9 | D:1      | Noticed a demigod
    11 | D:1      | Noticed a dwarf
    13 | D:1      | Noticed a minotaur
    15 | D:1      | Noticed a felid
    15 | D:1      | Noticed an octopode
    17 | D:1      | Noticed a draconian
    17 | D:1      | Noticed a troll
    19 | D:1      | Noticed a human
    19 | D:1      | Noticed a vine stalker
    21 | D:1      | Noticed a ghoul
    21 | D:1      | Noticed a demonspawn
    23 | D:1      | Noticed a centaur
    23 | D:1      | Noticed an ogre
    25 | D:1      | Noticed a naga
    27 | D:1      | Noticed a tengu
    95 | D:1      | Reached XP level 2. HP: 15/26 MP: 2/2
   460 | D:1      | You fall through a shaft!
   726 | D:2      | Reached XP level 3. HP: 17/31 MP: 3/3
  1070 | D:2      | Reached skill level 1 in Invocations
  1141 | D:2      | Reached skill level 1 in Short Blades
  1141 | D:2      | Reached skill level 1 in Long Blades
  1141 | D:2      | Reached skill level 1 in Axes
  1141 | D:2      | Reached skill level 1 in Maces & Flails
  1141 | D:2      | Reached skill level 1 in Polearms
  1141 | D:2      | Reached skill level 1 in Staves
  1141 | D:2      | Reached skill level 1 in Slings
  1141 | D:2      | Reached skill level 1 in Bows
  1141 | D:2      | Reached skill level 1 in Crossbows
  1141 | D:2      | Reached skill level 1 in Armour
  1141 | D:2      | Reached skill level 1 in Stealth
  1141 | D:2      | Reached skill level 1 in Spellcasting
  1141 | D:2      | Reached skill level 1 in Evocations
  1332 | D:2      | Reached XP level 4. HP: 37/38 MP: 5/5
  1781 | D:3      | Reached skill level 1 in Conjurations
  1781 | D:3      | Reached skill level 1 in Hexes
  1781 | D:3      | Reached skill level 1 in Charms
  1781 | D:3      | Reached skill level 1 in Summonings
  1781 | D:3      | Reached skill level 1 in Necromancy
  1781 | D:3      | Reached skill level 1 in Translocations
  1781 | D:3      | Reached skill level 1 in Transmutations
  1781 | D:3      | Reached skill level 1 in Fire Magic
  1781 | D:3      | Reached skill level 1 in Ice Magic
  1781 | D:3      | Reached skill level 1 in Air Magic
  1781 | D:3      | Reached skill level 1 in Earth Magic
  1781 | D:3      | Reached skill level 1 in Poison Magic
  1810 | D:3      | Noticed Robin
  1814 | D:3      | Reached XP level 5. HP: 41/43 MP: 6/6
  1833 | D:3      | Killed Robin
  2359 | D:3      | Noticed Natasha
  2372 | D:3      | Killed Natasha
  2526 | D:3      | Noticed Natasha
  2545 | D:3      | Killed Natasha
  2642 | D:3      | Noticed Natasha
  2650 | D:3      | Killed Natasha
  2650 | D:3      | Reached XP level 6. HP: 24/50 MP: 8/8
  3447 | D:4      | Noticed Eustachio
  3451 | D:4      | Noticed Ijyb
  3489 | D:4      | Killed from afar by a shadow imp

Skill      XL: |  1  2  3  4  5  6 |
---------------+-------------------+-----
Invocations    | 1 2 |  2.0
Short Blades   | 1 |  1.8
Long Blades    | 1 |  1.8
Axes           | 1 |  1.8
Maces & Flails | 1 |  1.8
Polearms       | 1 |  1.8
Staves         | 1 |  1.8
Slings         | 1 |  1.8
Bows           | 1 |  1.8
Crossbows      | 1 |  1.8
Armour         | 1 |  1.8
Stealth        | 1 |  1.8
Spellcasting   | 1 |  1.8
Evocations     | 1 |  1.8
Conjurations   | 1 |  1.4
Hexes          | 1 |  1.4
Charms         | 1 |  1.4
Summonings     | 1 |  1.4
Necromancy     | 1 |  1.4
Translocations | 1 |  1.4
Transmutations | 1 |  1.4
Fire Magic     | 1 |  1.4
Ice Magic      | 1 |  1.4
Air Magic      | 1 |  1.4
Earth Magic    | 1 |  1.4
Poison Magic   | 1 |  1.4
Throwing       | 3 |  3.1
Shields        | 3 |  3.1
Fighting       | |  4.9
Dodging        | |  4.9
Unarmed Combat | |  8.7

Action                   |  1- 3 |  4- 6 || total
-------------------------+-------+-------++-------
Melee: Dagger            |    29 |       ||    29
       Bite              |     9 |    20 ||    29
       Punch             |    10 |     6 ||    16
       Hand axe          |    98 |   199 ||   297
  Use: Scroll            |     2 |     1 ||     3
       Potion            |       |     1 ||     1
  Eat: Chunk             |     1 |     8 ||     9
Armor: Robe              |     1 |       ||     1
       Chain mail        |    61 |   156 ||   217
Dodge: Dodged            |    68 |   121 ||   189
